 Dungeon Crawl Stone Soup version 0.30-a0-711-gf4ac18a38d (webtiles) character file.

Game seed: 11106709969043674662

2 drugrobin the Sneak (level 1, 0/18 HPs)
             Began as a Demigod Delver on Jan 22, 2023.
             Slain by a black bear (2 damage)
             ... on level 3 of the Dungeon.
             The game lasted 00:01:46 (256 turns).

drugrobin the Sneak (Demigod Delver)                 Turns: 256, Time: 00:01:48

Health: 0/18       AC:  3    Str: 13    XL:     1   Next: 26%
Magic:  3/3        EV: 11    Int: 12    God:
Gold:   10         SH:  0    Dex: 15    Spells: 0/0 levels left

rFire   . . .      SeeInvis .      - Unarmed
rCold   . . .      Faith    .    (no shield)
rNeg    . . .      Spirit   .    a - +0 leather armour
rPois   .          Reflect  .    (no helmet)
rElec   .          Harm     .    (no cloak)
rCorr   .          Rampage  .    (no gloves)
Will    .....                    (no boots)
Stlth   +++                      (no amulet)
HPRegen 0.23/turn                (no ring)
MPRegen 0.08/turn                (no ring)

@: no status effects
A: high MP 1, forlorn, divine attributes
a: no special abilities


You were on level 3 of the Dungeon.
You visited 1 branch of the dungeon, and saw 3 of its levels.

You collected 10 gold pieces.

Inventory:

Armour
 a - a +0 leather armour (worn)
Wands
 f - a wand of digging (2)
Scrolls
 b - a scroll of fog


   Skills:
 - Level 2.6 Fighting
 - Level 1.7 Dodging
 - Level 4.5 Stealth
 + Level 2.0 Unarmed Combat


You couldn't memorise any spells.
You didn't know any spells.
Your spell library was empty.

Dungeon Overview and Level Annotations

Branches:
Dungeon (5/15)
 Temple: D:4-7

Annotations:
D:5 exclusion: phantom


Innate Abilities, Weirdness & Mutations

You have an increased reservoir of magic. (+10% MP)
You shall have no god before yourself.
Your divine heritage dramatically boosts your attributes as you level up.


Message History

Deactivating autopickup; reactivate with Ctrl-A.
Found a club.
Aiming: Dig
Press: ? - help, Shift-Dir - straight line You can't see that place.
The rock shatters into small pieces.
A ball python comes into view.
Unknown command.
Unknown command.
Found 6 stones.
You closely miss the ball python.
The ball python hisses angrily.
The ball python completely misses you. The ball python grabs you.
The ball python constricts you.
You hit the ball python.
You kill the ball python!
Found 10 gold pieces.
Found 7 stones.
A rat comes into view.
You see here 6 stones.
Found a metallic black potion.
The rat bites you.
You hit the rat.
The rat is heavily wounded.
The rat barely misses you.
Unknown command.
The black bear attacks as you move away!
The black bear bites you. The black bear claws you. The black bear misses you.
You see here 6 stones.
Okay, then.
You aren't carrying any potions.
Unknown command.
As you read the scroll labelled EHOZXELEAN, it crumbles to dust.
It is a scroll of identify.
You don't currently have any unidentified items.
The black bear bites you.
* * * LOW HITPOINT WARNING * * *
The black bear claws you.
* * * LOW HITPOINT WARNING * * *
The black bear claws you.
You die...

#..##### ..# #..# ..# #..#
... #..# #.# #..##### #####
#.# #....... #.###...#
#.#### #.###### #.......#
#####..(.# #.....#
#...####..@hr.# #.....#
##.#..##.####..#.###.######
#.###...# .###..........
#.# ###..# #.#.###.######
#######.# #.#.# #. #.#
....)...# ..### !# #.#
#######.# $## # #.# #.# #.
#.# #.# #. #.#


You could see a black bear and a rat.

Vanquished Creatures
  A hobgoblin (D:3)
  A ball python (D:3)
  A bat (D:3)
3 creatures vanquished.

Notes
Turn   | Place    | Note
-------+----------+-------------------------------------------
     0 | D:5      | drugrobin the Demigod Delver began the quest for the Orb.
     0 | D:5      | Reached XP level 1. HP: 18/18 MP: 3/3
    22 | D:5      | Noticed a phantom
    77 | D:4      | Noticed a jelly
    88 | D:4      | Noticed a black bear
   202 | D:3      | Noticed an orc priest
   256 | D:3      | Slain by a black bear

Illustrated notes

Levels and vault maps discovered:
D:3:      layout_loops_ring
D:4:      layout_cave_pools, uniq_natasha
D:5:      layout_basic, uniq_sigmund, uniq_edmund

Skill      XL: |  1 |
---------------+----+-----
Unarmed Combat | 2 |  2.0
Fighting       | |  2.6
Dodging        | |  1.7
Stealth        | |  4.5

Action                     || total
---------------------------++-------
  Melee: Unarmed           ||    15
  Evoke: Wand              ||     1
    Use: Scroll            ||     3
         Potion            ||     1
 Armour: Leather armour    ||     7
  Dodge: Dodged            ||    16

Table legend: (Time is in decaauts)
 A = Elapsed time spent in this place.
 B = Non-inter-level travel time spent in this place.
 C = Inter-level travel time spent in this place.
 D = Time resting spent in this place.
 E = Time spent auto-exploring this place.
 F = Levels seen in this place.
 G = Mean time per level.
                   A        B        C        D        E       F      G
               +--------+--------+--------+--------+--------+-----+--------+
         Total |    239 |    233 |      6 |     44 |      0 |   3 |   79.7 |
       Dungeon |    239 |    233 |      6 |     44 |      0 |   3 |   79.7 |
               +--------+--------+--------+--------+--------+-----+--------+

Top non-repeatable levels by time:
     D:3: 143 daAuts
     D:5: 67 daAuts
     D:4: 28 daAuts
